 Dungeon Crawl Stone Soup version 0.20.1-1-g8b1a95d (webtiles) character file.

1221 manyhoops the Gusty (level 8, -9/57 HPs)
             Began as a Demigod Air Elementalist on Aug 27, 2017.
             Mangled by a hornet zombie (12 damage)
             ... on level 6 of the Dungeon.
             The game lasted 00:11:35 (4702 turns).

manyhoops the Gusty (Demigod Air Elementalist)      Turns: 4702, Time: 00:11:36

Health: -9/57      AC:  4    Str: 11    XL:     8   Next: 3%
Magic:  2/18       EV: 18    Int: 23    God:
Gold:   230        SH:  0    Dex: 21    Spells: 10/16 levels left

rFire    . . .     SeeInvis +   j - +3 dagger (drain)
rCold    . . .     Gourm    .   (no shield)
rNeg     . . .     Faith    .   a - +0 robe
rPois    .         Spirit   .   t - +0 hat
rElec    .         Reflect  .   (no cloak)
rCorr    .         Harm     .   (no gloves)
MR       .....     Rnd*Rage +   (no boots)
Stlth    +++.......             (no amulet)
Regen    0.2/turn               e - ring of see invisible
MPRegen  0.2/turn               (no ring)

@: agile, very slightly contaminated
A: slimy green scales 1, berserk 1, high mp 1, wild magic 1
a: no special abilities


You were on level 6 of the Dungeon.
You were not hungry.

You visited 1 branch of the dungeon, and saw 6 of its levels.

You collected 230 gold pieces.

Inventory:

Hand Weapons
 j - a +3 dagger of draining (weapon)
Armour
 a - a +0 robe (worn)
 t - a +0 hat (worn)
 u - a +0 buckler
Jewellery
 e - a ring of see invisible (left hand)
Wands
 l - a wand of lightning (1/15)
 n - a wand of digging (15/24)
Scrolls
 d - a scroll of noise {unknown}
 h - 3 scrolls of remove curse
 i - a scroll of amnesia
 o - a scroll of enchant armour {unknown}
 p - a scroll of teleportation {unknown}
 q - a scroll of recharging {unknown}
 r - 3 scrolls of enchant weapon
 w - a scroll of blinking {unknown}
Potions
 s - a potion of curing
 v - a potion of haste {unknown}
Books
 b - a book of Air

   Spells                             Type                      Level
   a - Shock                          Conjuration/Air              1
   b - Swiftness                      Charms/Air                   2
   c - Static Discharge               Conjuration/Air              3
   d - Airstrike                      Air                          4
   e - Lightning Bolt                 Conjuration/Air              5
 k - a book of Changes

   Spells                             Type                      Level
   a - Beastly Appendage              Transmutation                1
   b - Sticks to Snakes               Transmutation                2
   c - Spider Form                    Transmutation/Poison         3
   d - Ice Form                       Ice/Transmutation            4
   e - Blade Hands                    Transmutation                5
Comestibles
 c - 3 bread rations
 f - a royal jelly
 g - 4 meat rations
 x - 4 chunks of flesh


   Skills:
 - Level 1.7 Dodging
 - Level 1.7 Stealth
 + Level 4.8 Spellcasting
 + Level 5.6 Conjurations
 + Level 5.6 Air Magic


You had 10 spell levels left.
You knew the following spells:

 Your Spells              Type           Power        Failure   Level  Hunger
a - Shock                 Conj/Air       ####         1%          1    None
b - Swiftness             Chrm/Air       ###.....     8%          2    None
c - Static Discharge      Conj/Air       #####...     4%          3    ##.....


Dungeon Overview and Level Annotations

Branches:
Dungeon (6/15)
 Temple: D:4-7


Innate Abilities, Weirdness & Mutations

You have an increased reservoir of magic. (+10% MP)
You are partially covered in slimy green scales. (AC +2)
You tend to lose your temper in combat.
Your spells are a little harder to cast, but a little more powerful.


Message History

Okay, then.
You feel better. The hornet zombie misses you.
Aiming: Lightning Bolt (will waste charges)
Press: ? - help, Shift-Dir - straight line, f/p - hornet zombie
Aim: a hornet zombie (almost destroyed)
You hear a mighty clap of thunder!
The bolt of lightning hits the hornet zombie.
The hornet zombie is almost destroyed.
Evoking this partially-identified wand wasted a few charges.
The hornet zombie closely misses you. The hornet zombie hits you.
* * * LOW HITPOINT WARNING * * *
A bullfrog zombie comes into view.
Aiming: Lightning Bolt (will waste charges)
Press: ? - help, Shift-Dir - straight line, f/p - hornet zombie
Aim: a hornet zombie (almost destroyed)
You hear a mighty clap of thunder!
The bolt of lightning misses the hornet zombie.
Evoking this partially-identified wand wasted a few charges.
The hornet zombie hits you!
You die...

..###########
Z.....Z@(...#
##########.##
#.# #.# #<#
###


You could see a bullfrog zombie and a hornet zombie.

Vanquished Creatures
  2 ice beasts (D:5)
  4 ogres
  The ghost of BGT the Sneak, an amateur SpEn (D:3)
  A scorpion (D:4)
  A howler monkey (D:4)
  2 hounds
  An orc priest (D:5)
  An iguana (D:5)
  3 orc wizards
  5 worker ants
  A killer bee zombie (D:6)
  4 gnolls (D:4)
  6 adders
  An adder zombie (D:5)
  An adder skeleton (D:5)
  3 worms
  A dart slug (D:2)
  3 leopard geckos
  14 orcs
  A ball python (D:2)
  4 giant cockroaches
  7 goblins
  15 hobgoblins
  5 quokkas
  5 bats
  3 frilled lizards
  A giant cockroach zombie (D:5)
  12 kobolds
  A quokka skeleton (D:4)
  11 rats
120 creatures vanquished.

Notes
Turn   | Place    | Note
-------+----------+-------------------------------------------
     0 | D:1      | manyhoops the Demigod Air Elementalist began the quest for the Orb.
     0 | D:1      | Reached XP level 1. HP: 14/14 MP: 5/5
    64 | D:1      | Reached skill level 1 in Conjurations
   133 | D:1      | Reached XP level 2. HP: 16/20 MP: 2/7
   809 | D:1      | Learned a level 2 spell: Swiftness
   834 | D:2      | Reached XP level 3. HP: 19/26 MP: 0/8
  1732 | D:3      | Found a stormy altar of Qazlal.
  1733 | D:3      | Noticed a fire elemental
  1734 | D:3      | Noticed an earth elemental
  1735 | D:3      | Noticed an air elemental
  1735 | D:3      | Noticed a water elemental
  1745 | D:3      | Reached XP level 4. HP: 33/33 MP: 8/10
  1751 | D:3      | Learned a level 3 spell: Static Discharge
  1792 | D:3      | Found a bloodstained altar of Trog.
  1973 | D:3      | Noticed BGT's ghost (amateur SpEn)
  1986 | D:3      | Killed BGT's ghost
  2073 | D:3      | Reached XP level 5. HP: 38/38 MP: 8/11
  2448 | D:4      | Noticed an ogre
  2689 | D:4      | Gained mutation: Your spells are a little harder to cast, but a little more powerful. [potion of mutation]
  2689 | D:4      | Gained mutation: You tend to lose your temper in combat. [potion of mutation]
  2689 | D:4      | Gained mutation: You are partially covered in slimy green scales. (AC +2) [potion of mutation]
  3009 | D:4      | Reached XP level 6. HP: 37/45 MP: 2/13
  3547 | D:4      | Reached XP level 7. HP: 49/50 MP: 4/15
  3736 | D:5      | Entered Level 5 of the Dungeon
  3758 | D:5      | Found a glowing silver altar of Zin.
  3925 | D:5      | Reached skill level 5 in Conjurations
  3925 | D:5      | Reached skill level 5 in Air Magic
  4578 | D:5      | Reached XP level 8. HP: 55/57 MP: 12/18
  4699 | D:6      | HP: 2/57 [hornet zombie (5)]
  4702 | D:6      | Mangled by a hornet zombie

Skill      XL: |  1  2  3  4  5  6  7 |
---------------+----------------------+-----
Conjurations   | 1 2 3 4 5 |  5.6
Air Magic      | 3 4 5 |  5.6
Spellcasting   | 2 3 4 |  4.8
Dodging        | |  1.7
Stealth        | |  1.7

Action                   |  1- 3 |  4- 6 |  7- 9 || total
-------------------------+-------+-------+-------++-------
Melee: Mace              |    15 |       |       ||    15
       Dagger            |     1 |    47 |     2 ||    50
 Cast: Shock             |    90 |   111 |    78 ||   279
       Static Discharge  |       |     1 |     5 ||     6
Evoke: Wand              |       |       |     2 ||     2
  Use: Scroll            |     2 |       |     1 ||     3
       Potion            |       |     4 |     2 ||     6
 Stab: Sleeping          |     1 |     1 |       ||     2
  Eat: Chunk             |     3 |     6 |     4 ||    13
Armor: Robe              |     6 |     3 |     3 ||    12
Dodge: Dodged            |    24 |    49 |    23 ||    96
